 Dungeon Crawl Stone Soup version 0.29-a0-648-g6b26cc9f40 (webtiles) character file.

Game seed: 14867264501046609754

2 elagabalus the Vandal (level 1, 19/19 HPs)
             Began as a Troll Hunter on June 20, 2022.
             Quit the game on level 1 of the Dungeon.
             The game lasted 00:03:44 (42 turns).

elagabalus the Vandal (Troll Hunter)                  Turns: 42, Time: 00:03:45

Health: 19/19      AC:  4    Str: 18    XL:     1   Next: 25%
Magic:  0/0        EV: 10    Int:  5    God:
Gold:   13         SH:  0    Dex: 13    Spells: 0/0 levels left

rFire   . . .      SeeInvis .   (no weapon)
rCold   . . .      Faith    .   (no shield)
rNeg    . . .      Spirit   .   b - +0 robe
rPois   .          Reflect  .   (helmet restricted)
rElec   .          Harm     .   (no cloak)
rCorr   .          Rampage  .   (gloves unavailable)
Will    .....                   (boots unavailable)
Stlth   +.........              (no amulet)
HPRegen 0.86/turn               (no ring)
MPRegen 0.07/turn               (no ring)

@: no status effects
A: large, unfitting armour, claws 3, regeneration 1, shaggy fur 1, tough skin 1
a: no special abilities


You were on level 1 of the Dungeon.
You visited 1 branch of the dungeon, and saw 1 of its levels.

You collected 13 gold pieces.

Inventory:

Hand Weapons
 a - a +1 hunting sling
Armour
 b - a +0 robe (worn)
Scrolls
 c - a scroll of immolation


   Skills:
 - Level 1.5 Fighting
 - Level 2.6(2.7) Slings
 * Level 0.5(2.2) Throwing
 - Level 1.5 Dodging
 - Level 0.3 Stealth


You couldn't memorise any spells.
You didn't know any spells.
Your spell library was empty.

Dungeon Overview and Level Annotations

Branches:
Dungeon (1/15)

Altars:


Innate Abilities, Weirdness & Mutations

You are too large for most types of armour.
You have claws for hands.
Your natural rate of healing is unusually fast.
You are covered in fur. (AC +1)
You have tough skin. (AC +1)


Message History

[Y]es or [N]o only, please.
Really attack while wielding your +1 hunting sling? [Y]es or [N]o only, please.
Really attack while wielding your +1 hunting sling?
Okay, then.
You are now empty-clawed.
You miss the quokka.
The quokka is moderately wounded.
The quokka bites you. The quokka closely misses you.
You scratch the quokka.
The quokka is heavily wounded.
The quokka closely misses you.
You scratch the quokka but do no damage.
The quokka is heavily wounded.
The quokka barely misses you.
You scratch the quokka.
You kill the quokka!
You see here a quokka corpse.
Okay, then.
Save game and exit?
Okay, then.
Unknown command.
Save game and exit?
Okay, then.
Okay, then.
You aren't carrying any potions.
Unknown command.
Unknown command.
Nothing quivered!
You aren't carrying any potions.
Sorry, you're not good enough to have a special ability.
You don't know any spells.
Unknown command.
Unknown command.
You aren't carrying any pieces of jewellery.
Unknown command.
Are you sure you want to abandon this character and quit the game? (Confirm with "yes".)
Okay, then.
Unknown command.
Are you sure you want to abandon this character and quit the game? (Confirm with "yes".)

#..≈≈≈.≈≈≈..# ...#
#.≈≈≈≈≈≈≈≈..##
#####..###...≈≈≈≈≈≈.[.#
.#......##...≈≈≈≈≈..≈.≈.
.......##....≈≈....≈≈.#
#.....##...#)....≈≈≈.#
#.....#...##..#.≈≈≈..#
###.....#.#..#####.≈≈.##
.......@####..#.##.≈..#
...#####...###...##..##
##.....##..######
#.................
#............#####
#............#
##..........##
##...........
#############


There were no monsters in sight!

Vanquished Creatures
  A quokka (D:1)
  A ball python (D:1)
2 creatures vanquished.

Notes
Turn   | Place    | Note
-------+----------+-------------------------------------------
     0 | D:1      | elagabalus the Troll Hunter began the quest for the Orb.
     0 | D:1      | Reached XP level 1. HP: 19/19 MP: 0/0
    42 | D:1      | Quit the game

Illustrated notes

Levels and vault maps discovered:
D:1:      dpeg_arrival_subterranean_lakeside_camping, layout_rooms,
          serial_aquarium, aquarium_bridge_long_joined
          [aquarium_subvault_bridge, aquarium_subvault_window,
          aquarium_subvault_bridge, aquarium_subvault_wall,
          aquarium_subvault_window, aquarium_subvault_bridge],
          aquarium_bridge_square [aquarium_subvault_bridge,
          aquarium_subvault_window, aquarium_subvault_window,
          aquarium_subvault_wall], aquarium_window_1, aquarium_window_3,
          aquarium_window_2, aquarium_window_1, aquarium_view_2d,
          ebering_ecumenical_altar_abandoned

Action                   || total
-------------------------++-------
Melee: Unarmed           ||     4
 Fire: Hunting sling     ||     5
Armor: Robe              ||     1
Dodge: Dodged            ||     4

Table legend: (Time is in decaauts)
 A = Elapsed time spent in this place.
 B = Non-inter-level travel time spent in this place.
 C = Inter-level travel time spent in this place.
 D = Time resting spent in this place.
 E = Time spent auto-exploring this place.
 F = Levels seen in this place.
 G = Mean time per level.
                   A        B        C        D        E       F      G
               +--------+--------+--------+--------+--------+-----+--------+
         Total |     43 |     14 |     29 |      0 |      0 |   1 |   43.0 |
       Dungeon |     43 |     14 |     29 |      0 |      0 |   1 |   43.0 |
               +--------+--------+--------+--------+--------+-----+--------+

Top non-repeatable levels by time:
     D:1: 43 daAuts
